 Dungeon Crawl Stone Soup version 0.20.1-1-g8b1a95d (webtiles) character file.

3010 Knicklaso the Basher (level 9, 0/53 HPs)
             Began as a Tengu Gladiator on July 29, 2017.
             Slain by an orc warrior
             ... wielding a +0 war axe
              (17 damage)
             ... on level 8 of the Dungeon.
             The game lasted 00:18:00 (8134 turns).

Knicklaso the Basher (Tengu Gladiator)              Turns: 8134, Time: 00:18:01

Health: 0/53       AC:  3    Str: 22    XL:     9   Next: 84%
Magic:  0/10       EV: 16    Int:  8    God:
Gold:   317        SH:  0    Dex: 17    Spells: 8/8 levels left

rFire    . . .     SeeInvis .   C - +8 whip of Unreason {drain, Str+5}
rCold    . . .     Gourm    .   (no shield)
rNeg     . . .     Faith    .   b - +0 leather armour
rPois    .         Spirit   +   c - +0 hat
rElec    .         Reflect  .   r - scarf {Spirit}
rCorr    .         Harm     .   (no gloves)
MR       .....                  (boots unavailable)
Stlth    +.........             (no amulet)
Regen    0.2/turn               (no ring)
MPRegen  0.2/turn               (no ring)

@: no status effects
A: beak, talons 3, able to fly 1
a: Fly


You were on level 8 of the Dungeon.
You were not hungry.

You visited 2 branches of the dungeon, and saw 9 of its levels.

You collected 317 gold pieces.

Inventory:

Hand Weapons
 y - a +2 falchion of holy wrath
 C - the +8 whip of Unreason (weapon) {drain, Str+5}
   (You found it on level 6 of the Dungeon)

   A truly terrible weapon, it drains the life of those it strikes.
   It affects your strength (+5).
Missiles
 d - 3 throwing nets
 i - 403 stones (quivered)
Armour
 b - a +0 leather armour (worn)
 c - a +0 hat (worn)
 r - a scarf of spirit shield (worn)
Jewellery
 D - an uncursed ring of flight {unknown}
 H - an uncursed ring of protection from fire {unknown}
Wands
 A - a wand of digging (12/24)
 E - a wand of polymorph (10/24)
Scrolls
 k - 4 scrolls of identify {unknown}
 l - 2 scrolls of remove curse {unknown}
 n - 3 scrolls of fear {unknown}
 p - 3 scrolls of teleportation {unknown}
 s - 3 scrolls of blinking {unknown}
 t - a scroll of recharging {unknown}
 w - 2 scrolls of fog {unknown}
 x - a scroll of enchant armour {unknown}
 B - a scroll of amnesia {unknown}
 F - a scroll of enchant weapon {unknown}
Potions
 a - 5 potions of curing
 e - 2 potions of resistance {unknown}
 j - a potion of might {unknown}
 m - 3 potions of lignification
 o - a potion of ambrosia {unknown}
 v - 2 potions of mutation {unknown}
 z - a potion of berserk rage {unknown}
Books
 I - a book of Callings

   Spells                             Type                      Level
   a - Summon Small Mammal            Summoning                    1
   b - Call Imp                       Summoning                    2
   c - Call Canine Familiar           Summoning                    3
   d - Summon Guardian Golem          Hexes/Summoning              3
   e - Summon Lightning Spire         Summoning/Air                4
   f - Summon Ice Beast               Ice/Summoning                4
Comestibles
 f - 6 bread rations
 h - 4 fruits
 q - 5 royal jellies
 u - 6 meat rations
 J - a chunk of flesh


   Skills:
 + Level 4.9 Fighting
 - Level 7.4 Long Blades
 * Level 9.4 Maces & Flails
 - Level 4.6 Throwing
 + Level 1.3 Armour
 + Level 6.0 Dodging
 + Level 1.2 Evocations


You had 8 spell levels left.
You didn't know any spells.

Dungeon Overview and Level Annotations

Branches:
Dungeon (8/15)             Temple (1/1) D:4
   Lair: D:8-11

Altars:
Ashenzari
Cheibriados
Dithmenos
Elyvilon
Fedhas
Gozag
Hepliaklqana
Kikubaaqudgha
Makhleb
Okawaru
Qazlal
Ru
Sif Muna
Trog
Uskayaw
Vehumet
Xom
Yredelemnul
Zin
The Shining One


Innate Abilities, Weirdness & Mutations

You have a beak for a mouth.
You have claws for feet.
You can fly.


Message History

You hit the orc warrior but do no damage.
You drain the orc warrior! Your kick misses the orc warrior.
You peck the orc warrior, but do no damage.
The orc warrior is heavily wounded.
The ogre hits you with a giant club!!
The orc warrior hits you with a war axe!
You hit the orc warrior but do no damage.
You claw the orc warrior, but do no damage.
Your peck misses the orc warrior.
The orc warrior is heavily wounded.
The orc priest shouts!
You whack the ogre! You claw the ogre!
The ogre is heavily wounded.
The ogre closely misses you. The orc warrior closely misses you.
You hit the ogre. You peck the ogre, but do no damage.
The ogre is heavily wounded.
You hit the ogre. You drain the ogre! You claw the ogre.
The ogre is severely wounded.
The orc warrior hits you with a war axe!!
You die...

#.................
###+###.................
.......................
#.##..................
#.........>...........
#.......[..###........
#..#...(#'## #........
######..#(..##.####........
#.......#.@.............##.
#.#####..Oo.............##.
#.#####.................###
#....≈....o.............###
#...≈≈≈P............÷......
#..≈≈≈≈....................
#..≈≈≈....o................
#..≈≈.≈.................###
#..P...P......#####...###


You could see an orc warrior, an ogre, an orc priest and an orc.

Vanquished Creatures
  A hippogriff (D:6)
  4 hogs (D:7)
  A human (D:7)
  A hungry ghost (D:7)
  A sky beast (D:6)
  2 ice beasts
  A phantom (D:4)
  2 ogres
  A centaur (D:8)
  3 bullfrogs
  3 scorpions
  5 wights
  3 howler monkeys
  A crimson imp (D:5)
  A bullfrog zombie (D:7)
  A centaur skeleton (D:4)
  An orc priest (D:6)
  2 hounds
  7 orc wizards
  A gnoll shaman (D:4)
  3 worker ants
  A mummy (D:8)
  2 hound skeletons
  7 adders
  5 gnolls (D:4)
  2 shadow imps
  An ooze (D:7)
  2 adder skeletons
  A worm (D:2)
  2 dart slugs
  4 leopard geckos
  17 orcs
  7 bats
  3 giant cockroaches
  10 goblins
  5 hobgoblins
  5 jackals
  4 kobolds
  6 quokkas
  3 ball pythons
  3 frilled lizards
  A jackal skeleton (D:7)
  A jackal zombie (D:5)
  A leopard gecko zombie (D:5)
  6 rats
144 creatures vanquished.

Notes
Turn   | Place    | Note
-------+----------+-------------------------------------------
     0 | D:1      | Knicklaso the Tengu Gladiator began the quest for the Orb.
     0 | D:1      | Reached XP level 1. HP: 12/12 MP: 2/2
   104 | D:1      | Reached XP level 2. HP: 17/17 MP: 3/3
   545 | D:2      | Reached XP level 3. HP: 7/22 MP: 4/4
   549 | D:2      | Found a faded altar of an unknown god.
  1267 | D:2      | Found a shadowy altar of Dithmenos.
  1901 | D:3      | Reached XP level 4. HP: 27/27 MP: 5/5
  1902 | D:3      | Found a hide-covered altar of Uskayaw.
  2015 | D:3      | Found a bloodstained altar of Trog.
  2486 | D:3      | Gained mutation: You can fly. [Tengu growth]
  2486 | D:3      | Reached XP level 5. HP: 25/32 MP: 4/6
  2966 | D:3      | Found an opulent altar of Gozag.
  3071 | D:4      | Reached skill level 5 in Long Blades
  3156 | D:4      | Reached XP level 6. HP: 11/37 MP: 4/7
  3433 | D:4      | Found a staircase to the Ecumenical Temple.
  3695 | Temple   | Entered the Ecumenical Temple
  4276 | D:4      | Found an iron altar of Okawaru.
  4603 | D:4      | Noticed a phantom
  4611 | D:4      | Killed a phantom
  4611 | D:4      | Reached XP level 7. HP: 34/42 MP: 8/8
  4719 | D:5      | Entered Level 5 of the Dungeon
  4774 | D:5      | Reached skill level 5 in Dodging
  5517 | D:5      | Found a shimmering altar of Xom.
  5744 | D:6      | Reached XP level 8. HP: 48/48 MP: 9/9
  6045 | D:6      | Got a fine whip
  6046 | D:6      | Identified the +8 whip of Unreason {drain, Str+5} (You found it on level 6 of the Dungeon)
  6080 | D:6      | Noticed a hippogriff
  6085 | D:6      | Killed a hippogriff
  6085 | D:6      | Reached skill level 1 in Maces & Flails
  6164 | D:6      | Reached skill level 2 in Maces & Flails
  6226 | D:6      | Reached skill level 3 in Maces & Flails
  6282 | D:6      | Reached skill level 4 in Maces & Flails
  6361 | D:6      | Reached skill level 5 in Maces & Flails
  6985 | D:7      | Reached XP level 9. HP: 48/52 MP: 8/10
  6988 | D:7      | Reached skill level 6 in Maces & Flails
  7168 | D:7      | Reached skill level 7 in Maces & Flails
  7306 | D:7      | Reached skill level 8 in Maces & Flails
  7601 | D:7      | Reached skill level 9 in Maces & Flails
  7923 | D:8      | Reached skill level 1 in Armour
  7923 | D:8      | Reached skill level 1 in Evocations
  8097 | D:8      | Found a shattered altar of Ashenzari.
  8112 | D:8      | Noticed a hornet
  8134 | D:8      | Slain by an orc warrior

Skill      XL: |  1  2  3  4  5  6  7  8  9 |
---------------+----------------------------+-----
Long Blades    | 4 5 6 7 |  7.4
Dodging        | 4 5 6 |  6.0
Fighting       | 3 4 |  4.9
Throwing       | 3 4 |  4.6
Maces & Flails | 5 9 |  9.4
Armour         | 1 |  1.3
Evocations     | 1 |  1.2

Action                   |  1- 3 |  4- 6 |  7- 9 || total
-------------------------+-------+-------+-------++-------
Melee: Long sword        |    43 |    90 |    12 ||   145
       Peck              |     9 |    14 |    45 ||    68
       Kick              |     9 |    39 |    82 ||   130
       Falchion          |       |       |    56 ||    56
       Whip              |       |       |   132 ||   132
Throw: Stone             |   114 |    39 |       ||   153
  Use: Potion            |       |       |     2 ||     2
 Stab: Sleeping          |       |       |     2 ||     2
  Eat: Chunk             |     3 |     9 |     9 ||    21
       Royal jelly       |       |       |     1 ||     1
Armor: Leather armour    |     9 |    14 |    18 ||    41
       Skin              |       |       |    10 ||    10
Dodge: Dodged            |    31 |    72 |    91 ||   194
       Rpst.: Long sword |    12 |    24 |     2 ||    38
       Falchion          |       |       |    10 ||    10
